| TOP OF THE 1ST |
|
Princeton Rays batting - Pitching for Great Falls Voyagers : LHP Jose Herrera
|
|
Pitching: LHP Jose Herrera
|
|
|
Batting: RHB Wan-ling Zhu
|
0-0: Ball 1-0: Ball 2-0: Foul Ball, location: 2F 2-1: Foul Ball, location: 2F 2-2: Strikes out swinging
|
|
Batting: SHB Omar Cervantes
|
0-0: DOUBLE (Flyball, 89D, EV 103.8 MPH)
|
|
Batting: LHB Oscar Curiel
|
0-0: Ball 1-0: Ball 2-0: Ball 3-0: Fly out, F8 (Flyball, 78D, EV 89.4 MPH)
|
|
Batting: SHB Luis Verduzco
|
0-0: Called Strike 0-1: Ball 1-1: DOUBLE (Line Drive, 89D, EV 107.5 MPH) Omar Cervantes scores
|
|
Batting: RHB Tim Dower
|
0-0: Ball 1-0: Fly out, F9 (Flyball, 9, EV 91.2 MPH)
|
| Top of the 1st over - 1 run, 2 hits, 0 errors, 1 left on base; Princeton 1 - Great Falls 0 |
| BOTTOM OF THE 1ST |
|
Great Falls Voyagers batting - Pitching for Princeton Rays : LHP Eduardo Lopez
|
|
Pitching: LHP Eduardo Lopez
|
|
|
Batting: RHB Andy Cotton
|
0-0: Ball 1-0: Ball 2-0: Called Strike 2-1: Swinging Strike 2-2: Strikes out looking
|
|
Batting: RHB Russ Cornett
|
0-0: Foul Ball, location: 2F 0-1: Ground out 6-3 (Groundball, 56D, EV 83.1 MPH)
|
|
Batting: SHB Rob Haney
|
0-0: Called Strike 0-1: Ball 1-1: Called Strike 1-2: Ball 2-2: SOLO HOME RUN (Flyball, 89XD, EV 106.9 MPH), Distance : 410 ft
|
|
Batting: RHB Billy Grubbs
|
0-0: Swinging Strike 0-1: Ball 1-1: Swinging Strike 1-2: Foul Ball, location: 2F 1-2: Strikes out looking
|
| Bottom of the 1st over - 1 run, 1 hit, 0 errors, 0 left on base; Princeton 1 - Great Falls 1 |
| TOP OF THE 2ND |
|
Princeton Rays batting - Pitching for Great Falls Voyagers : LHP Jose Herrera
|
|
Batting: RHB Mikey Sano
|
0-0: Ground out 4-3 (Groundball, 4, EV 83.8 MPH)
|
|
Batting: RHB Dave Valdez
|
0-0: Called Strike 0-1: Foul Ball, location: 2F 0-2: Ball 1-2: Strikes out swinging
|
|
Batting: RHB Bogumil Filipowski
|
0-0: Called Strike 0-1: Ball 1-1: Swinging Strike 1-2: Fly out, F8 (Line Drive, 89M, EV 89.4 MPH)
|
| Top of the 2nd over - 0 runs, 0 hits, 0 errors, 0 left on base; Princeton 1 - Great Falls 1 |
| BOTTOM OF THE 2ND |
|
Great Falls Voyagers batting - Pitching for Princeton Rays : LHP Eduardo Lopez
|
|
Batting: RHB Mitch Cuadros
|
0-0: Ball 1-0: Ball 2-0: Foul Ball, location: 2F 2-1: Ball 3-1: Base on Balls
|
|
Batting: RHB Tommy Ellington
|
0-0: Foul Ball, location: 2F 0-1: Foul Ball, location: 2F 0-2: Strikes out swinging
|
|
Batting: RHB Francisco Marin
|
0-0: Swinging Strike 0-1: Ball Wild Pitch! Mitch Cuadros to second 1-1: Ball 2-1: Swinging Strike 2-2: Strikes out looking
|
|
Batting: RHB Enrique Gomez
|
0-0: Called Strike 0-1: Ground out 4-3 (Groundball, 4, EV 78.1 MPH)
|
| Bottom of the 2nd over - 0 runs, 0 hits, 0 errors, 1 left on base; Princeton 1 - Great Falls 1 |
| TOP OF THE 3RD |
|
Princeton Rays batting - Pitching for Great Falls Voyagers : LHP Jose Herrera
|
|
Batting: LHB Eduardo Lopez
|
0-0: Ball 1-0: Ball 2-0: Called Strike 2-1: Called Strike 2-2: Strikes out swinging
|
|
Batting: RHB Wan-ling Zhu
|
0-0: Ball 1-0: Foul Ball, location: 2F 1-1: Ball 2-1: Foul Ball, location: 2F 2-2: Ball 3-2: Base on Balls
|
|
Batting: SHB Omar Cervantes
|
0-0: Called Strike 0-1: Foul Ball, location: 2F 0-2: Foul Ball, location: 2F 0-2: Foul Ball, location: 2F 0-2: Ball 1-2: Ball 2-2: Strikes out swinging Wan-ling Zhu is caught stealing 2nd base 2-4 Batter strikes out.
|
| Top of the 3rd over - 0 runs, 0 hits, 0 errors, 0 left on base; Princeton 1 - Great Falls 1 |
| BOTTOM OF THE 3RD |
|
Great Falls Voyagers batting - Pitching for Princeton Rays : LHP Eduardo Lopez
|
|
Batting: LHB Jose Pereyra
|
0-0: TRIPLE (Line Drive, 89XD, EV 103.1 MPH)
|
|
Batting: RHB Andy Cotton
|
0-0: Ball 1-0: Called Strike 1-1: Ball 2-1: Ground out 5-3 (Groundball, 56, EV 93.1 MPH) Jose Pereyra scores
|
|
Batting: RHB Russ Cornett
|
0-0: Called Strike 0-1: Ball 1-1: Ball 2-1: Foul Ball, location: 2F 2-2: Strikes out looking
|
|
Batting: SHB Rob Haney
|
0-0: Ball 1-0: Called Strike 1-1: Foul Ball, location: 2F 1-2: Foul Ball, location: 2F 1-2: DOUBLE (Flyball, 89D, EV 97.5 MPH)
|
|
Batting: RHB Billy Grubbs
|
0-0: 2-RUN HOME RUN (Flyball, 7D, EV 101.2 MPH), Distance : 389 ft
|
|
Batting: RHB Mitch Cuadros
|
0-0: Called Strike 0-1: Ball 1-1: Ball 2-1: Called Strike 2-2: Foul Ball, location: 2F 2-2: Ground out U3 (Groundball, 3S, EV 86.2 MPH)
|
| Bottom of the 3rd over - 3 runs, 3 hits, 0 errors, 0 left on base; Princeton 1 - Great Falls 4 |
| TOP OF THE 4TH |
|
Princeton Rays batting - Pitching for Great Falls Voyagers : LHP Jose Herrera
|
|
Batting: LHB Oscar Curiel
|
0-0: Ball 1-0: Ball 2-0: Foul Ball, location: 2F 2-1: Ball 3-1: Base on Balls
|
|
Batting: SHB Luis Verduzco
|
0-0: Foul Ball, location: 2F 0-1: Swinging Strike 0-2: Strikes out looking
|
|
Batting: RHB Tim Dower
|
0-0: Ball 1-0: Ball 2-0: Ball 3-0: Base on Balls Oscar Curiel to second
|
|
Batting: RHB Mikey Sano
|
0-0: Ball Oscar Curiel steals 3rd base Tim Dower to second 1-0: SINGLE (Line Drive, 56D, EV 95.6 MPH) Oscar Curiel scores Tim Dower to third Runner from 3rd tries for Home, throw by LF and OUT! 7-2
|
|
Batting: RHB Dave Valdez
|
0-0: Called Strike 0-1: Ball 1-1: Called Strike 1-2: Ball 2-2: Strikes out looking
|
| Top of the 4th over - 1 run, 1 hit, 0 errors, 1 left on base; Princeton 2 - Great Falls 4 |
| BOTTOM OF THE 4TH |
|
Great Falls Voyagers batting - Pitching for Princeton Rays : LHP Eduardo Lopez
|
|
Batting: RHB Tommy Ellington
|
0-0: Ball 1-0: Foul Ball, location: 2F 1-1: Ball 2-1: Ball 3-1: Base on Balls
|
|
Batting: RHB Francisco Marin
|
0-0: Called Strike 0-1: Ball 1-1: Ball 2-1: Ball 3-1: Base on Balls Tommy Ellington to second
|
|
Batting: RHB Enrique Gomez
|
0-0: Called Strike 0-1: Ball 1-1: Foul Ball, location: 2F 1-2: Strikes out looking
|
|
Batting: LHB Jose Pereyra
|
0-0: Swinging Strike Passed Ball! Tommy Ellington to third Francisco Marin to second 0-1: Fly out, F9 (Flyball, 89M, EV 82.5 MPH) Runner from 3rd tags up, OUT at HOME! 9-2
|
| Bottom of the 4th over - 0 runs, 0 hits, 0 errors, 1 left on base; Princeton 2 - Great Falls 4 |
| TOP OF THE 5TH |
|
Princeton Rays batting - Pitching for Great Falls Voyagers : LHP Jose Herrera
|
|
Batting: RHB Bogumil Filipowski
|
0-0: Ball 1-0: Swinging Strike 1-1: Ball 2-1: Called Strike 2-2: Foul Ball, location: 2F 2-2: Ball 3-2: Foul Ball, location: 2F 3-2: Base on Balls
|
|
Batting: LHB Eduardo Lopez
|
0-0: Fly out, F5 (Popup, 25F, EV 83.1 MPH)
|
|
Batting: RHB Wan-ling Zhu
|
0-0: Ball 1-0: Foul Ball, location: 2F 1-1: Ball 2-1: Ball 3-1: Base on Balls Bogumil Filipowski to second
|
|
Batting: SHB Omar Cervantes
|
0-0: Ball 1-0: Fly out, F8 (Flyball, 8LD, EV 97.5 MPH)
|
|
Batting: LHB Oscar Curiel
|
0-0: Ball 1-0: Called Strike 1-1: SINGLE (Groundball, 3S, EV 69.4 MPH) (infield hit) Bogumil Filipowski to third Wan-ling Zhu to second
|
|
Batting: SHB Luis Verduzco
|
0-0: Called Strike 0-1: Foul Ball, location: 2F 0-2: Fly out, F8 (Flyball, 78D, EV 101.2 MPH)
|
| Top of the 5th over - 0 runs, 1 hit, 0 errors, 3 left on base; Princeton 2 - Great Falls 4 |
| BOTTOM OF THE 5TH |
|
Great Falls Voyagers batting - Pitching for Princeton Rays : LHP Eduardo Lopez
|
|
Batting: RHB Andy Cotton
|
0-0: Called Strike 0-1: Ball 1-1: Ball 2-1: Ball 3-1: Base on Balls
|
|
Batting: RHB Russ Cornett
|
0-0: Ball 1-0: Foul Ball, location: 2F 1-1: Foul Ball, location: 2F 1-2: Foul Ball, location: 2F 1-2: Strikes out looking
|
|
Batting: SHB Rob Haney
|
0-0: Called Strike 0-1: Ball 1-1: Foul Ball, location: 2F 1-2: Strikes out swinging Andy Cotton steals 2nd, throwing error, E2 Andy Cotton to third
|
|
Batting: RHB Billy Grubbs
|
0-0: Fly out, F7 (Flyball, 7, EV 90.0 MPH)
|
| Bottom of the 5th over - 0 runs, 0 hits, 1 error, 1 left on base; Princeton 2 - Great Falls 4 |
| TOP OF THE 6TH |
|
Princeton Rays batting - Pitching for Great Falls Voyagers : LHP Jose Herrera
|
|
Batting: RHB Tim Dower
|
0-0: Called Strike 0-1: Called Strike 0-2: Foul Ball, location: 2F 0-2: Ball 1-2: Strikes out looking
|
|
Batting: RHB Mikey Sano
|
0-0: Ball 1-0: Called Strike 1-1: Ball 2-1: Fly out, F9 (Flyball, 9, EV 93.8 MPH)
|
|
Batting: RHB Dave Valdez
|
0-0: Called Strike 0-1: Ball 1-1: DOUBLE (Groundball, 5L, EV 97.5 MPH)
|
|
Pitching: LHP James Reynolds
|
|
|
Batting: RHB Bogumil Filipowski
|
0-0: Ball 1-0: Ground out 4-3 (Groundball, 4, EV 82.5 MPH)
|
| Top of the 6th over - 0 runs, 1 hit, 0 errors, 1 left on base; Princeton 2 - Great Falls 4 |
| BOTTOM OF THE 6TH |
|
Great Falls Voyagers batting - Pitching for Princeton Rays : LHP Eduardo Lopez
|
|
Batting: RHB Mitch Cuadros
|
0-0: Ball 1-0: Called Strike 1-1: Ball 2-1: Ball 3-1: Foul Ball, location: 2F 3-2: SINGLE (Line Drive, 8RS, EV 95.0 MPH)
|
|
Pitching: RHP J.P. Tesauro
|
|
|
Batting: RHB Tommy Ellington
|
0-0: Called Strike 0-1: Ball 1-1: Foul Ball, location: 2F 1-2: Ball 2-2: Ball 3-2: Foul Ball, location: 2F 3-2: SINGLE (Flyball, 89S, EV 93.8 MPH) Mitch Cuadros to second
|
|
Batting: RHB Francisco Marin
|
0-0: Ball 1-0: Ball 2-0: Ball 3-0: Foul Ball, location: 2F 3-1: Base on Balls Mitch Cuadros to third Tommy Ellington to second
|
|
Batting: RHB Enrique Gomez
|
0-0: Ball 1-0: Called Strike 1-1: Foul Ball, location: 2F 1-2: Ball 2-2: Strikes out swinging
|
|
Batting: LHB Jose Pereyra
|
0-0: Called Strike 0-1: Swinging Strike 0-2: Foul Ball, location: 2F 0-2: Ball 1-2: Ball 2-2: Fly out, F8 (Flyball, 78D, EV 89.4 MPH)
|
|
Batting: RHB Andy Cotton
|
0-0: Ball 1-0: Ball 2-0: Ball 3-0: Called Strike 3-1: Foul Ball, location: 2F 3-2: Foul Ball, location: 2F 3-2: Strikes out looking
|
| Bottom of the 6th over - 0 runs, 2 hits, 0 errors, 3 left on base; Princeton 2 - Great Falls 4 |
| TOP OF THE 7TH |
|
Princeton Rays batting - Pitching for Great Falls Voyagers : LHP James Reynolds
|
|
Batting: SHB Ray Luna
|
0-0: Ball 1-0: Called Strike 1-1: Called Strike 1-2: Strikes out swinging
|
|
Batting: RHB Wan-ling Zhu
|
0-0: Ball 1-0: Ball 2-0: Ball 3-0: Called Strike 3-1: Ground out 6-3 (Groundball, 6, EV 88.8 MPH)
|
|
Batting: SHB Omar Cervantes
|
0-0: Foul Ball, location: 2F 0-1: Foul Ball, location: 2F 0-2: Ball 1-2: Ball 2-2: SINGLE (Line Drive, 9LS, EV 97.5 MPH)
|
|
Batting: LHB Oscar Curiel
|
0-0: Ground out 4-3 (Groundball, 4, EV 85.0 MPH)
|
| Top of the 7th over - 0 runs, 1 hit, 0 errors, 1 left on base; Princeton 2 - Great Falls 4 |
| BOTTOM OF THE 7TH |
|
Great Falls Voyagers batting - Pitching for Princeton Rays : RHP J.P. Tesauro
|
|
Batting: RHB Russ Cornett
|
0-0: Called Strike 0-1: Swinging Strike 0-2: Ball 1-2: Ball 2-2: Ground out 5-3 (Groundball, 5, EV 83.1 MPH)
|
|
Batting: SHB Rob Haney
|
0-0: Foul Ball, location: 2F 0-1: Hit by Pitch
|
|
Pitching: LHP John Sceviour
|
|
|
Batting: RHB Billy Grubbs
|
0-0: Swinging Strike 0-1: Ball 1-1: Ball 2-1: Foul Ball, location: 2F 2-2: Ball 3-2: Base on Balls Rob Haney to second
|
|
Batting: RHB Mitch Cuadros
|
0-0: Called Strike 0-1: Ball 1-1: Ball 2-1: Ball 3-1: Called Strike 3-2: Base on Balls Rob Haney to third Billy Grubbs to second
|
|
Batting: RHB Tommy Ellington
|
0-0: DOUBLE (Line Drive, 7LM, EV 98.8 MPH) Rob Haney scores Billy Grubbs scores Mitch Cuadros to third
|
|
Batting: RHB Francisco Marin
|
0-0: Intentional Walk
|
|
Batting: RHB Enrique Gomez
|
0-0: Fly out, F7 (Flyball, 7LD, EV 95.0 MPH) Runner from 3rd tags up, SCORES, throw by LF Tommy Ellington to third
|
|
Batting: LHB Jose Pereyra
|
0-0: Called Strike 0-1: 3-RUN HOME RUN (Flyball, 9D, EV 99.4 MPH), Distance : 378 ft
|
|
Pitching: RHP Cole Roome
|
|
|
Batting: RHB Andy Cotton
|
0-0: Ball 1-0: Ball 2-0: Swinging Strike 2-1: Foul Ball, location: 2F 2-2: Ball 3-2: SOLO HOME RUN (Flyball, 7D, EV 95.0 MPH), Distance : 371 ft
|
|
Batting: RHB Russ Cornett
|
0-0: Ball 1-0: Ball 2-0: Ball 3-0: Called Strike 3-1: Called Strike 3-2: Strikes out swinging
|
| Bottom of the 7th over - 7 runs, 3 hits, 0 errors, 0 left on base; Princeton 2 - Great Falls 11 |
| TOP OF THE 8TH |
|
Princeton Rays batting - Pitching for Great Falls Voyagers : LHP James Reynolds
|
|
Pinch Hitting: LHB Sean Boenig
|
0-0: Ball 1-0: Called Strike 1-1: Foul Ball, location: 2F 1-2: Ball 2-2: Foul Ball, location: 2F 2-2: Strikes out looking
|
|
Pinch Hitting: SHB Berthold Frey
|
0-0: Ball 1-0: Ball 2-0: Ball 3-0: Base on Balls
|
|
Batting: RHB Mikey Sano
|
0-0: Called Strike 0-1: Foul Ball, location: 2F 0-2: Ball 1-2: Foul Ball, location: 2F 1-2: Foul Ball, location: 2F 1-2: Strikes out swinging
|
|
Pitching: RHP Jose Vigil
|
|
|
Pinch Hitting: LHB Dave Northam
|
0-0: Ball 1-0: Foul Ball, location: 2F 1-1: Ball 2-1: Ball 3-1: Called Strike 3-2: Strikes out looking
|
| Top of the 8th over - 0 runs, 0 hits, 0 errors, 1 left on base; Princeton 2 - Great Falls 11 |
| BOTTOM OF THE 8TH |
|
Great Falls Voyagers batting - Pitching for Princeton Rays : RHP Cole Roome
|
|
Now at 2B: Dave Northam
|
|
|
Now in LF: Berthold Frey
|
|
|
Now in CF: Sean Boenig
|
|
|
Batting: SHB Rob Haney
|
0-0: Ball 1-0: Ball 2-0: Foul Ball, location: 2F 2-1: Ground out U3 (Groundball, 13, EV 89.4 MPH)
|
|
Batting: RHB Billy Grubbs
|
0-0: Foul Ball, location: 2F 0-1: Ball 1-1: Foul Ball, location: 2F 1-2: Fly out, F2 (Popup, 23F, EV 84.4 MPH)
|
|
Batting: RHB Mitch Cuadros
|
0-0: Ball 1-0: Ball 2-0: Foul Ball, location: 2F 2-1: Swinging Strike 2-2: Foul Ball, location: 2F 2-2: SINGLE (Line Drive, 4MD, EV 100.6 MPH)
|
|
Batting: RHB Tommy Ellington
|
0-0: Ball 1-0: Called Strike 1-1: Called Strike 1-2: Ball 2-2: Ball 3-2: Fly out, F7 (Flyball, 7D, EV 85.0 MPH)
|
| Bottom of the 8th over - 0 runs, 1 hit, 0 errors, 1 left on base; Princeton 2 - Great Falls 11 |
| TOP OF THE 9TH |
|
Princeton Rays batting - Pitching for Great Falls Voyagers : RHP Jose Vigil
|
|
Batting: RHB Bogumil Filipowski
|
0-0: Foul Ball, location: 2F 0-1: Ball 1-1: Swinging Strike 1-2: Ball 2-2: Strikes out swinging
|
|
Batting: SHB Ray Luna
|
0-0: Ground out 4-3 (Groundball, 4, EV 86.2 MPH)
|
|
Batting: RHB Wan-ling Zhu
|
0-0: Swinging Strike 0-1: Foul Ball, location: 2F 0-2: Ball 1-2: Foul Ball, location: 2F 1-2: Strikes out swinging, 2-3 out at first.
|
| Top of the 9th over - 0 runs, 0 hits, 0 errors, 0 left on base; Princeton 2 - Great Falls 11 |
|